 Dungeon Crawl Stone Soup version 0.18-a0-1120-g03bd624 (webtiles) character file.

198 tof the Shield-Bearer (level 6, -2/48 HPs)
             Began as a Formicid Fighter on Jan 17, 2016.
             Hit by a stone thrown by an orc warrior (7 damage)
             ... on level 3 of the Dungeon.
             The game lasted 00:06:49 (3381 turns).

tof the Shield-Bearer (Formicid Fighter)            Turns: 3381, Time: 00:06:49

Health: -2/48      AC:  5    Str: 20    XL:     6   Next: 5%
Magic:  6/6        EV:  9    Int:  8    God:
Gold:   110        SH: 10    Dex: 12    Spells: 0 memorised, 5 levels left

rFire  . . .     SeeInvis +     a - +0 quarterstaff
rCold  . . .     Gourm    .     i - +0 ring mail
rNeg   . . .     Faith    .     c - +0 shield
rPois  .         Spirit   .     (helmet unavailable)
rElec  .         Dismiss  +     (no cloak)
rCorr  .         Reflect  .     (no gloves)
SustAt .         Harm     .     (no boots)
MR     .....                    o - amulet of dismissal
Stlth  +.........               (no ring)
                                (no ring)

@: not resistant to hostile enchantments, very unstealthy
A: permanent stasis, dig shafts and tunnels, four strong arms, antennae 3
a: Dig, Shaft Self


You were on level 3 of the Dungeon.
You were not hungry.

You visited 1 branch of the dungeon, and saw 3 of its levels.

You collected 110 gold pieces.

Inventory:

Hand Weapons
 a - a +0 quarterstaff (weapon)
Armour
 c - a +0 shield (worn)
 i - a +0 ring mail (worn)
Jewellery
 o - an amulet of dismissal (around neck)
Wands
 n - a wand of random effects (12/48)
Scrolls
 g - a scroll of enchant armour {unknown}
 j - a scroll of enchant weapon {unknown}
 p - a scroll of recharging {unknown}
 q - 2 scrolls of fog {unknown}
 r - a scroll of amnesia {unknown}
 t - a scroll of identify {unknown}
 u - a scroll of noise {unknown}
 v - 2 scrolls of teleportation {unknown}
Potions
 b - a potion of agility {unknown}
 d - a potion of might
 e - a potion of haste {unknown}
 k - a potion of magic {unknown}
 l - a potion of invisibility {unknown}
 s - a potion of poison {unknown}
Comestibles
 f - 2 bread rations
 h - a meat ration
 m - a royal jelly
 w - 5 chunks of flesh


   Skills:
 + Level 3.9 Fighting
 * Level 3.6 Staves
 + Level 4.1 Armour
 * Level 5.4 Shields


You had 5 spell levels left.
You didn't know any spells.

Dungeon Overview and Level Annotations

Branches:
Dungeon (3/15)

Altars:
Xom
Zin


Innate Abilities, Weirdness & Mutations

You are under a permanent stasis effect.
You can dig through walls and to a lower floor.
Your four strong arms can wield two-handed weapons with a shield.
You have a pair of large antennae on your head (SInv).


Message History

You barely miss the orc warrior.
The orc warrior is moderately wounded.
The orc warrior closely misses you.
You barely miss the orc warrior.
The orc warrior is moderately wounded.
The orc warrior barely misses you.
You closely miss the orc warrior.
The orc warrior is moderately wounded.
The orc warrior misses you.
You closely miss the orc warrior.
The orc warrior is moderately wounded.
The orc warrior hits you with a battleaxe!
You hit the orc warrior.
The orc warrior is moderately wounded.
The orc warrior hits you with a battleaxe!
* * * LOW HITPOINT WARNING * * *
An adder comes into view.
You see here a stone.
The orc warrior throws a stone.
The stone hits you!
You die...

#.##.......#
##.....#######.##
#.####.....#
##...## #.....#
#.#####...##
####'## #.....#
#.<.....[..
..#.######.>...#
#######..###
#.#............#
..#
#.#.######.....#
..
#....#...##..###
#.###...(.((..(..#
#.So(.@......##.##
#####.#.#######.#
...#.# #.# #####.#
#.# #.. ..# ###
###


You could see an orc warrior and an adder.

Vanquished Creatures
  A giant frog skeleton (D:3)
  8 adders
  A worm (D:2)
  5 orcs (D:3)
  5 giant cockroaches
  15 hobgoblins
  16 jackals
  A ball python (D:3)
  2 bats (D:1)
  2 giant newts
  7 goblins
  12 kobolds
  12 rats
  A butterfly (D:2)
88 creatures vanquished.

Notes
Turn   | Place    | Note
--------------------------------------------------------------
     0 | D:1      | tof the Formicid Fighter began the quest for the Orb.
     0 | D:1      | Reached XP level 1. HP: 18/18 MP: 1/1
    42 | D:1      | Reached XP level 2. HP: 8/24 MP: 2/2
   478 | D:1      | Reached skill level 4 in Shields
   605 | D:1      | Reached XP level 3. HP: 26/29 MP: 3/3
  1382 | D:2      | Reached XP level 4. HP: 33/35 MP: 4/4
  1515 | D:2      | Reached XP level 5. HP: 20/41 MP: 5/5
  1772 | D:2      | Reached skill level 5 in Shields
  2069 | D:2      | Found a shimmering altar of Xom.
  2884 | D:3      | Noticed an orc warrior
  3194 | D:3      | Reached XP level 6. HP: 48/48 MP: 6/6
  3215 | D:3      | Found a glowing silver altar of Zin.
  3381 | D:3      | Hit by a stone thrown by an orc warrior

Vault maps used:
D:1:      lemuel_arrival_cross
D:2:      wad_lake_hut, xom_butterflies
D:3:      marbit_many_paths

Action                   |  1- 3 |  4- 6 || total
-------------------------+-------+-------++-------
Melee: Quarterstaff      |   125 |   207 ||   332
  Eat: Chunk             |     2 |     7 ||     9
